 Dungeon Crawl Stone Soup version 0.28-a0-381-g937acc2988 (webtiles) character file.

Game seed: 1051578952479230951

9 hatdisgam the Sneak (level 2, -2/16 HPs)
             Began as a Spriggan Delver on Sept 2, 2021.
             Slain by Eustachio (3 damage)
             ... on level 6 of the Dungeon.
             The game lasted 00:00:50 (345 turns).

hatdisgam the Sneak (Spriggan Delver)                Turns: 345, Time: 00:00:51

Health: -2/16      AC:  2    Str:  8      XL:     2   Next: 3%
Magic:  3/3        EV: 17    Int: 11      God:
Gold:   0          SH:  0    Dex: 15 (16) Spells: 1/1 levels left

rFire   . . .      SeeInvis +   i - +2 falchion (holy)
rCold   . . .      Faith    .   (shield restricted)
rNeg    . . .      Spirit   .   b - +0 robe
rPois   .          Reflect  .   (helmet restricted)
rElec   .          Harm     .   (no cloak)
rCorr   .          Rampage  .   (gloves unavailable)
Will    .....                   (boots unavailable)
Stlth   ++++......              (no amulet)
HPRegen 0.05/turn               (no ring)
MPRegen 0.08/turn               (no ring)

@: very quick
A: very small, no large weapons, unfitting armour, see invisible, speed 3
a: no special abilities


You were on level 6 of the Dungeon.
You visited 1 branch of the dungeon, and saw 2 of its levels.

Inventory:

Hand Weapons
 a - a +0 short sword
 i - a +2 falchion of holy wrath (weapon)
Armour
 b - a +0 robe (worn)
Wands
 g - a wand of digging (3)
Scrolls
 c - a scroll of fog
 d - a scroll of magic mapping
 e - a scroll of fear
 h - a scroll of identify {unknown}
Potions
 f - a potion of haste


   Skills:
 - Level 2.4 Fighting
 - Level 2.1 Short Blades
 - Level 2.6 Dodging
 + Level 7.9 Stealth


You had one spell level left.
You didn't know any spells.
Your spell library was empty.

Dungeon Overview and Level Annotations

Branches:
Dungeon (6/15)
 Temple: D:4-7

Altars:

Annotations:
D:6 exclusions: iguana and water moccasin, Eustachio


Innate Abilities, Weirdness & Mutations

You are very small and have problems with some larger weapons.
You are too small for most types of armour.
You have supernaturally acute eyesight. (SInv)
You cover ground extremely quickly. (Speed+++)


Message History

You see here an adder corpse.
As you open the door, it creaks loudly!
You hear an angry hiss.
You hear a shout!
There is an open door here.
A kobold comes into view. It is wielding a +0 short sword.
The kobold throws a stone.
The stone hits you but does no damage.
Found a runed falchion.
You see here a +2 falchion of holy wrath.
i - a +2 falchion of holy wrath
Okay, then.
Your +2 falchion of holy wrath softly glows with a divine radiance!
i - a +2 falchion of holy wrath (weapon)
An orc priest comes into view. It is wielding a +0 war axe.
Unknown command.
An ice beast and Eustachio come into view.
Okay, then.
The helpless Eustachio fails to defend himself.
You hit Eustachio.
Eustachio is lightly wounded.
Eustachio hits you with a +0 falchion.
You closely miss Eustachio.
Eustachio is lightly wounded.
Eustachio hits you with a +0 falchion.
Eustachio casts a spell.
You closely miss Eustachio.
Eustachio is lightly wounded.
Eustachio hits you with a +0 falchion.
* * * LOW HITPOINT WARNING * * *
You hit Eustachio but do no damage.
Eustachio is lightly wounded.
Eustachio casts a spell.
The quasit completely misses you.
The quasit claws you but does no damage.
The quasit claws you.
* * * LOW HITPOINT WARNING * * *
You feel clumsy.
You hit Eustachio.
Eustachio is lightly wounded.
Eustachio hits you with a +0 falchion.
You die...

.... #.#.#..## #..####
#.#.#... #......
#####.#.#.. .......
#.........##########....
#.......................
#......Y...#####........
#.....@rb..#............
#.....5@...#.###.....###
#...r..........+.....+
#####+#+####.###.....#
...##.....# #..########
#... ..... o..... .....#


You could see Eustachio, an ice beast, a quasit (summoned), 2 quokkas and a bat
(summoned).

Vanquished Creatures
  An adder (D:6)
1 creature vanquished.

Notes
Turn   | Place    | Note
-------+----------+-------------------------------------------
     0 | D:5      | hatdisgam the Spriggan Delver began the quest for the Orb.
     0 | D:5      | Reached XP level 1. HP: 11/11 MP: 2/2
    16 | D:5      | Noticed an iguana
   220 | D:6      | Reached XP level 2. HP: 11/16 MP: 3/3
   303 | D:6      | Noticed a water moccasin
   336 | D:6      | Noticed Eustachio
   336 | D:6      | Noticed an ice beast
   345 | D:6      | Slain by Eustachio

Illustrated notes

Levels and vault maps discovered:
D:5:      layout_basic, uniq_menkaure
D:6:      layout_basic, uniq_eustachio, uniq_duvessa, uniq_blork_the_orc

Action                   || total
-------------------------++-------
Melee: Short sword       ||     4
       Falchion          ||     5
 Stab: Sleeping          ||     1
Armor: Robe              ||     2
Dodge: Dodged            ||     5

Table legend: (Time is in decaauts)
 A = Elapsed time spent in this place.
 B = Non-inter-level travel time spent in this place.
 C = Inter-level travel time spent in this place.
 D = Time resting spent in this place.
 E = Time spent auto-exploring this place.
 F = Levels seen in this place.
 G = Mean time per level.
                   A        B        C        D        E       F      G
               +--------+--------+--------+--------+--------+-----+--------+
         Total |    317 |    317 |      0 |    261 |     17 |   2 |  158.5 |
       Dungeon |    317 |    317 |      0 |    261 |     17 |   2 |  158.5 |
               +--------+--------+--------+--------+--------+-----+--------+

Top non-repeatable levels by time:
     D:6: 297 daAuts
     D:5: 20 daAuts
